 Dungeon Crawl Stone Soup version 0.22-a0-422-g9628fc8 (webtiles) character file.

9 Jynxie the Charmwright (level 2, 0/19 HPs)
             Began as a Halfling Skald on May 22, 2018.
             Slain by a gnoll
             ... wielding a +0 halberd
              (8 damage)
             ... on level 1 of the Dungeon.
             The game lasted 00:05:07 (289 turns).

Jynxie the Charmwright (Halfling Skald)              Turns: 289, Time: 00:05:08

Health: 0/19       AC:  3    Str: 12    XL:     2   Next: 20%
Magic:  0/4        EV: 14    Int: 11    God:
Gold:   0          SH:  0    Dex: 13    Spells: 1/4 levels left

rFire    . . .     SeeInvis .   a - +0 short sword
rCold    . . .     Gourm    .   (shield restricted)
rNeg     . . .     Faith    .   b - +0 leather armour
rPois    .         Spirit   .   (no helmet)
rElec    .         Reflect  .   (no cloak)
rCorr    .         Harm     .   (no gloves)
MR       .....                  (no boots)
Stlth    +.........             (no amulet)
HPRegen  0.06/turn              (no ring)
MPRegen  0.09/turn              (no ring)

@: infused, singing
A: small, mutation resistance 1
a: no special abilities


You were on level 1 of the Dungeon.
You were not hungry.

You visited 1 branch of the dungeon, and saw 1 of its levels.

Inventory:

Hand Weapons
 a - a +0 short sword (weapon)
Armour
 b - a +0 leather armour (worn)
 e - a +0 ring mail
Potions
 c - a potion of heal wounds {unknown}
 g - a potion of curing {unknown}
Comestibles
 d - a ration
 f - a chunk of flesh


   Skills:
 * Level 2.1 Fighting
 * Level 2.8 Short Blades
 - Level 1.1 Armour
 + Level 2.3 Dodging
 - Level 1.5 Spellcasting
 + Level 3.3 Charms


You had one spell level left.
You knew the following spells:

 Your Spells              Type           Power        Failure   Level  Hunger
a - Infusion              Chrm           #...         10%         1    ##.....
b - Song of Slaying       Chrm           #.......     14%         2    ###....

Your spell library contained the following spells:

 Spells                   Type           Power        Failure   Level  Hunger
 Regeneration             Chrm/Necr      #.........   50%         3    ####...
 Shroud of Golubria       Chrm/Tloc      #.........   28%         2    ###....
 Spectral Weapon          Hex/Chrm       #.......     50%         3    ####...


Dungeon Overview and Level Annotations

Branches:
Dungeon (1/15)

Altars:


Innate Abilities, Weirdness & Mutations

You are small and have problems with some larger weapons.
You are somewhat resistant to further mutation.


Message History

The hobgoblin closely misses you.
You hit the hobgoblin but do no damage.
The hobgoblin is severely wounded.
The gnoll misses you. The hobgoblin hits you with a club.
You hit the hobgoblin.
You kill the hobgoblin!
The gnoll misses you. The gnoll barely misses you.
Found a scroll labeled YFUOGH CORGH.
Things that are here:
a club; a hobgoblin corpse You hit the gnoll but do no damage.
The gnoll hits you with a halberd.
You are too injured to fight recklessly!
You are too injured to fight recklessly!
You hit the gnoll.
The gnoll is heavily wounded.
You closely miss the gnoll.
The gnoll is heavily wounded.
The gnoll hits you with a halberd!
You die...

....+..........#####
... #####.##........
.. #.##........
#..#........
##.#........
#..........
#######..#+#####
........>.......
########@#.####
#g#.# #.# # ..# #.#
#.# #.# #?#


You could see a gnoll.

Vanquished Creatures
  A giant cockroach (D:1)
  A hobgoblin (D:1)
  A bat (D:1)
  2 goblins (D:1)
  3 kobolds (D:1)
8 creatures vanquished.

Notes
Turn   | Place    | Note
-------+----------+-------------------------------------------
     0 | D:1      | Jynxie the Halfling Skald began the quest for the Orb.
     0 | D:1      | Reached XP level 1. HP: 14/14 MP: 3/3
   192 | D:1      | Reached XP level 2. HP: 15/19 MP: 0/4
   253 | D:1      | Learned a level 2 spell: Song of Slaying
   289 | D:1      | Slain by a gnoll

Vault maps used:
D:1:      tarquinn_simple_flora_water_a

Skill      XL: |  1 |
---------------+----+-----
Fighting       | 2 |  2.1
Short Blades   | |  2.8
Armour         | |  1.1
Dodging        | |  2.3
Spellcasting   | |  1.5
Charms         | |  3.3

Action                   || total
-------------------------++-------
Melee: Short sword       ||    33
 Cast: Infusion          ||     4
       Song of Slaying   ||     1
Armor: Leather armour    ||     6
Dodge: Dodged            ||    20

Table legend:
 A = Spawn XP
 B = Non-spawn XP
 C = Spawn XP percentage of total XP
 D = Spawn monster count
 E = Non-spawn monster count
 F = Spawn count percentage of total count
 G = Total turns spent on level
                    A         B        C        D         E        F      G
               +---------+---------+-------+---------+---------+-------+---------
         Total |       0 |      13 |   0.0 |       0 |       8 |   0.0 |   289
               +---------+---------+-------+---------+---------+-------+---------
           D:1 |       0 |      13 |   0.0 |       0 |       8 |   0.0 |   289
               +---------+---------+-------+---------+---------+-------+---------
